 Dungeon Crawl Stone Soup version 0.30-a0-778-g2ef04afb54 (webtiles) character file.

Game seed: 16398187238342200578

1812 tio the Reanimator (level 9, -3/79 HPs)
             Began as a Human Necromancer on Feb 16, 2023.
             Was an Initiate of Dithmenos.
             Succumbed to an orc wizard's poison
             ... on level 6 of the Dungeon.
             The game lasted 00:35:08 (7016 turns).

tio the Reanimator (Human Necromancer)              Turns: 7016, Time: 00:35:08

Health: -3/79      AC: 28    Str: 15    XL:     9   Next: 31%
Magic:  10/20      EV:  2    Int: 16    God:    Dithmenos [......]
Gold:   288        SH:  0    Dex: 19    Spells: 21/22 levels left

rFire   . . .      SeeInvis .    f - +2 short sword (drain)
rCold   . . .      Faith    .    (no shield)
rNeg    . . .      Spirit   +    (body armour currently unavailable)
rPois   +          Reflect  .    (helmet currently unavailable)
rElec   .          Harm     .    (cloak currently unavailable)
rCorr   .          Rampage  .    (gloves currently unavailable)
Will    .....      NoTele   +    (boots currently unavailable)
Stlth   ++                       n - amulet of guardian spirit
HPRegen 0.33/turn                j - +4 ring of protection
MPRegen 0.17/turn                p - +6 ring of strength

@: lethally poisoned (-3 -> -18), tree-form
A: stationary, stasis, torment immunity, boosted hp, agile 1, frail 1
a: Renounce Religion


You were on level 6 of the Dungeon.
You worshipped Dithmenos.
Dithmenos was noncommittal.
You were a tree.
You visited 2 branches of the dungeon, and saw 7 of its levels.
You also visited: Sewer.

You collected 288 gold pieces.

Inventory:

Hand Weapons
 d - a +3 dagger of venom
 f - a +2 short sword of draining (weapon)
 o - a +0 quarterstaff
Armour
 a - a +0 robe
 h - a scarf of shadows (melded)
 i - a +1 pair of boots (melded)
 y - a +2 ring mail of fire resistance (melded)
 B - a +1 pair of gloves (melded)
Jewellery
 j - a +4 ring of protection (left branch)
 n - an amulet of guardian spirit (around neck)
 p - a +6 ring of strength (right branch)
 w - a ring of protection from fire
Wands
 g - a wand of charming (5)
 s - a wand of digging (5)
 x - a wand of roots (2)
Scrolls
 e - a scroll of teleportation
 q - 2 scrolls of magic mapping
 v - a scroll of blinking
 z - a scroll of immolation {unknown}
Potions
 b - 4 potions of magic
 c - a potion of brilliance
 m - a potion of might {unknown}
 t - 3 potions of flight
 u - a potion of berserk rage {unknown}
 A - a potion of degeneration {unknown}


   Skills:
 + Level 1.3 Fighting
 + Level 1.5 Short Blades
 + Level 1.8 Armour
 + Level 2.7 Dodging
 + Level 2.5 Stealth
 + Level 7.4 Spellcasting
 + Level 8.2 Necromancy
 + Level 0.9 Evocations


You had 21 spell levels left.
You knew the following spells:

 Your Spells              Type           Power      Damage    Failure   Level
a - Necrotise             Necr           100%       1d9       1%          1

Your spell library contained the following spells:

 Spells                   Type           Power      Damage    Failure   Level
 Sublimation of Blood     Necr           32%        N/A       1%          2
 Vampiric Draining        Necr           32%        2d8       1%          3
 Animate Dead             Necr           32%        N/A       4%          4
 Agony                    Necr           32%        N/A       11%         5
 Lesser Beckoning         Tloc           10%        N/A       19%         2
 Static Discharge         Conj/Air       10%        2-3/arc   19%         2
 Wereblood                Tmut           5%         N/A       19%         2
 Gell's Gravitas          Tloc           5%         N/A       34%         3
 Portal Projectile        Hex/Tloc       10%        N/A       34%         3
 Teleport Other           Tloc           5%         N/A       34%         3
 Tukima's Dance           Hex            5%         N/A       34%         3
 Vhi's Electric Charge    Tloc/Air       10%        N/A       34%         3
 Petrify                  Tmut/Erth      5%         N/A       75%         4
 Arcjolt                  Conj/Air       2%         1d12      97%         5
 Blade Hands              Tmut           2%         N/A       97%         5
 Irradiate                Conj/Tmut      2%         3d12      97%         5
 Lightning Bolt           Conj/Air       2%         1d14      97%         5
 Summon Hydra             Summ           2%         N/A       100%        7


Dungeon Overview and Level Annotations

Branches:
Dungeon (6/15)             Temple (1/1) D:6           Sewer (visited)

Altars:
Ashenzari
Dithmenos
Elyvilon
Makhleb
Nemelex Xobeh
Okawaru
Qazlal
Ru
Sif Muna
Vehumet
Wu Jian
Xom
Zin

Shops:
D:2 *


Innate Abilities, Weirdness & Mutations

You are a tree.
Your roots penetrate the ground, keeping you stationary.
You cannot be teleported.
You are immune to unholy pain and torment.
Your maximum health is greatly increased.
Your equipment is partially melded.
You are agile. (Dex +4, Str/Int -1)
You are frail. (-10% HP)


Message History

Your roots penetrate the ground.
* * * LOW HITPOINT WARNING * * *
You feel extremely sick. Something hits you but does no damage.
You are more poisoned.
You cannot move.
You cannot move.
You cannot move.
You cannot move.
You cannot move.
You cannot move.
You cannot move.
You cannot move.
You cannot move.
You cannot move.
What are your orders? t - Creak!
Orders for allies: a - Attack new target. r - Retreat! s - Stop attacking. g - Guard the area. f - Follow me.
Anything else - Cancel.
Okay, then.
Hit: f) +2 short sword (drain)
Press: ? - help, Dir - move target You hit something.
* * * LOW HITPOINT WARNING * * *
You feel very sick.
Hit: f) +2 short sword (drain)
Press: ? - help, Dir - move target You hit something.
Dithmenos accepts your kill.
Reactivating autopickup.
You feel a bit more experienced.
* * * LOW HITPOINT WARNING * * *
You feel very sick.
* * * LOW HITPOINT WARNING * * *
You feel very sick.
It was a potion of mutation.
You feel extremely strange.
You feel frail.
You feel agile.
You die...

######..#####
######..#####
##...........
.#........(..
.#...........
.#...........
.'..#####.#### .####
.##..######## ## .#
......)♣....#... .#
............).. ##
......).....#..
.#######..###
#####..####'###'##
.............).....
..................
.................. ##
#'####.####'###..#..##


There were no monsters in sight!

Vanquished Creatures
  A troll (D:5)
  Grinder (D:5)
  Prince Ribbit (D:5)
  An orc warrior (D:6)
  An ogre (D:6)
  A kobold brigand (Sewer)
  2 necrophages
  3 orc priests
  6 hounds
  Jessica (D:3)
  2 iguanas
  6 orc wizards
  A gnoll (D:1)
  9 adders
  4 river rats
  3 white imps
  3 worms
  2 dart slugs
  19 orcs
  6 ball pythons
  4 bats
  4 endoplasms
  6 giant cockroaches
  4 goblins
  6 hobgoblins
  8 jackals
  8 quokkas
  4 frilled lizards
  8 kobolds
  9 rats
134 creatures vanquished.

Vanquished Creatures (collateral kills)
  A kobold brigand (Sewer)
  An orc priest (D:3)
  An orc (D:6)
  A ball python (D:4)
  A giant cockroach (D:4)
  A rat (D:1)
6 creatures vanquished.

Vanquished Creatures (others)
  An orc wizard (D:6)
  An orc (D:6)
  A plant (D:1)
3 creatures vanquished.

Grand Total: 143 creatures vanquished

Notes
Turn   | Place    | Note
-------+----------+-------------------------------------------
     0 | D:1      | tio the Human Necromancer began the quest for the Orb.
     0 | D:1      | Reached XP level 1. HP: 13/13 MP: 3/3
   105 | D:1      | You fall into a shaft and drop 1 floor!
   220 | D:2      | Reached XP level 2. HP: 19/19 MP: 0/5
   440 | D:2      | Found Soicebb's Assorted Antiques.
   663 | D:2      | Found a burning altar of Makhleb.
   698 | D:2      | Reached XP level 3. HP: 24/24 MP: 0/6
  1433 | D:1      | Reached XP level 4. HP: 30/30 MP: 4/7
  2409 | D:3      | Reached skill level 5 in Necromancy
  2555 | D:3      | Noticed Jessica
  2560 | D:3      | Killed Jessica
  2561 | D:3      | Reached XP level 5. HP: 28/35 MP: 2/10
  3386 | D:4      | Reached XP level 6. HP: 33/41 MP: 7/11
  3464 | D:4      | Found a stormy altar of Qazlal.
  3800 | D:4      | Found a glowing drain.
  3816 | Sewer    | Entered a sewer
  3984 | Sewer    | Reached skill level 6 in Necromancy
  3984 | Sewer    | Reached XP level 7. HP: 42/46 MP: 5/13
  4103 | Sewer    | Found a white marble altar of Elyvilon.
  4717 | D:5      | Entered Level 5 of the Dungeon
  4786 | D:5      | Noticed Prince Ribbit
  4799 | D:5      | Killed Prince Ribbit
  4800 | D:5      | Reached skill level 5 in Spellcasting
  4800 | D:5      | Reached XP level 8. HP: 53/53 MP: 0/15
  5010 | D:5      | Noticed Grinder
  5017 | D:5      | Paralysed by Grinder for 5 turns
  5025 | D:5      | Paralysed by Grinder for 4 turns
  5034 | D:5      | Paralysed by Grinder for 2 turns
  5041 | D:5      | Noticed a troll
  5042 | D:5      | Killed Grinder
  5043 | D:5      | Reached skill level 1 in Fighting
  5043 | D:5      | Reached skill level 7 in Necromancy
  5052 | D:5      | Killed a troll
  5053 | D:5      | Reached skill level 1 in Armour
  5491 | D:5      | Reached skill level 1 in Short Blades
  6077 | D:6      | Found a staircase to the Ecumenical Temple.
  6081 | Temple   | Entered the Ecumenical Temple
  6357 | Temple   | Became a worshipper of Dithmenos the Shadowed
  6394 | D:6      | Reached XP level 9. HP: 55/59 MP: 11/19
  6527 | D:6      | Reached skill level 8 in Necromancy
  7015 | D:6      | HP: 1/88 [poisoned by an orc wizard]
  7016 | D:6      | Gained mutation: You are frail. (-10% HP) [potion of
                  | mutation]
  7016 | D:6      | Gained mutation: You are agile. (Dex +4, Str/Int -1)
                  | [potion of mutation]
  7016 | D:6      | Succumbed to an orc wizard's poison

Illustrated notes

Levels and vault maps discovered:
D:1:      dpeg_arrival_arbitrary_a, layout_basic,
          amcnicky_mini_rare_corridor_liquid, minmay_misc_feat_plants,
          nicolae_grassy_gnolls
D:2:      layout_basic, basic_altar, serial_shops, shop
D:3:      layout_loops_ring, uniq_jessica
D:4:      layout_loops_cross, nicolae_qazlal_scattered_showers,
          portal_sewer_entry_e
D:5:      layout_basic, grunt_decor_arrowhead, uniq_prince_ribbit1, uniq_grinder
D:6:      layout_gridville, temple_green, st_stairs_10, minmay_misc_feat_room
Temple:   nicolae_temple_hex_pool

Skill      XL: |  1  2  3  4  5  6  7  8  9 |
---------------+----------------------------+-----
Necromancy     | 5 6 7 8 |  8.2
Spellcasting   | 3 4 5 6 7 |  7.4
Fighting       | 1 |  1.3
Armour         | 1 |  1.8
Short Blades   | 1 |  1.5
Dodging        | |  2.7
Stealth        | |  2.5
Evocations     | |  0.9

Action                     |  1- 3 |  4- 6 |  7- 9 || total
---------------------------+-------+-------+-------++-------
  Melee: Dagger            |     5 |    54 |    42 ||   101
         Short sword       |       |       |    20 ||    20
   Cast: Necrotise         |    47 |   112 |   157 ||   316
  Evoke: Wand              |       |       |    14 ||    14
    Use: Scroll            |       |     6 |     6 ||    12
         Potion            |       |       |     8 ||     8
   Stab: Sleeping          |       |     1 |       ||     1
 Armour: Robe              |       |    29 |     1 ||    30
         Ring mail         |       |       |    84 ||    84
         Skin              |       |       |     1 ||     1
  Dodge: Dodged            |     5 |    53 |    94 ||   152

Table legend: (Time is in decaauts)
 A = Elapsed time spent in this place.
 B = Non-inter-level travel time spent in this place.
 C = Inter-level travel time spent in this place.
 D = Time resting spent in this place.
 E = Time spent auto-exploring this place.
 F = Levels seen in this place.
 G = Mean time per level.
                   A        B        C        D        E       F      G
               +--------+--------+--------+--------+--------+-----+--------+
         Total |   7034 |   6524 |    510 |      0 |   5547 |   8 |  879.2 |
       Dungeon |   6329 |   5929 |    400 |      0 |   5088 |   6 | 1054.8 |
        Temple |    299 |    189 |    110 |      0 |    176 |   1 |  299.0 |
         Sewer |    405 |    405 |      0 |      0 |    283 |   1 |  405.0 |
               +--------+--------+--------+--------+--------+-----+--------+

Top non-repeatable levels by time:
     D:5: 1314 daAuts
     D:2: 1146 daAuts
     D:3: 1110 daAuts
     D:1: 1110 daAuts
     D:4: 964 daAuts
     D:6: 682 daAuts
   Sewer: 405 daAuts
  Temple: 299 daAuts
